 Dungeon Crawl Stone Soup version 0.27-a0-3-gcf006a40f5 (webtiles) character file.

Game seed: 9452405215507893257

37 voltaire321 the Vandal (level 3, 0/25 HPs)
             Began as a Halfling Hunter on Jan 1, 2021.
             Succumbed to an adder's poison
             ... on level 2 of the Dungeon.
             The game lasted 00:05:24 (973 turns).

voltaire321 the Vandal (Halfling Hunter)             Turns: 973, Time: 00:05:25

Health: 0/25       AC:  4    Str: 13    XL:     3   Next: 60%
Magic:  3/3        EV: 15    Int:  9    God:
Gold:   26         SH:  0    Dex: 15    Spells: 2/2 levels left

rFire    . . .     SeeInvis .   a - +1 hunting sling
rCold    . . .     Faith    .   (shield restricted)
rNeg     . . .     Spirit   .   c - +0 leather armour
rPois    .         Reflect  .   l - +0 helmet
rElec    .         Harm     .   (no cloak)
rCorr    .         Rampage  .   (no gloves)
Will     .....                  (no boots)
Stlth    ++........             (no amulet)
HPRegen  0.08/turn              (no ring)
MPRegen  0.08/turn              (no ring)

@: lethally poisoned (0 -> -8)
A: small, mutation resistance 1
a: no special abilities


You were on level 2 of the Dungeon.
You visited 1 branch of the dungeon, and saw 2 of its levels.

You collected 26 gold pieces.

Inventory:

Hand Weapons
 a - a +1 hunting sling (weapon)
 b - a +0 short sword
 g - a +2 short sword of draining
Missiles
 d - 17 sling bullets
 f - 59 stones (quivered ammo)
Armour
 c - a +0 leather armour (worn)
 l - a +0 helmet (worn)
Jewellery
 o - a cursed ring of attention {unknown}
 r - an uncursed amulet of guardian spirit {unknown}
Scrolls
 i - a scroll of enchant armour {unknown}
 k - 2 scrolls of teleportation {unknown}
 m - a scroll of fear {unknown}
 p - a scroll of noise {unknown}
Potions
 e - a potion of heal wounds {unknown}
 h - a potion of cancellation {unknown}
 j - a potion of ambrosia {unknown}
 n - a potion of degeneration {unknown}
 q - 2 potions of brilliance {unknown}


   Skills:
 + Level 2.3 Fighting
 + Level 6.4 Slings
 + Level 3.0 Dodging
 - Level 1.1 Stealth


You had 2 spell levels left.
You didn't know any spells.
Your spell library was empty.

Dungeon Overview and Level Annotations

Branches:
Dungeon (2/15)

Altars:


Innate Abilities, Weirdness & Mutations

You are small and have problems with some larger weapons.
You are somewhat resistant to further mutation.


Message History

The adder completely misses you. The adder closely misses you.
The adder bites you but does no damage. The adder barely misses you.
The adder bites you. The adder bites you but does no damage.
The adder closely misses you. The adder barely misses you.
The adder closely misses you. The adder bites you.
You are poisoned.
The adder poisons you!
You feel sick. The adder closely misses you.
You feel sick. The adder misses you. The adder bites you but does no damage.
The adder misses you. The adder closely misses you.
You feel sick. The adder bites you.
* * * LOW HITPOINT WARNING * * *
You are more poisoned.
The adder poisons you! The adder barely misses you. x2
You die...

# . #.#########
#.#.......#####
##.......?......
#..........######
#...............#
#.........@.#...#
##.........S#. ##
#.............
#.........##.#
#####..........#.#
#.......######.# #
#............#.#
#........###.#.#
#####....###.#.#


You could see an adder.

Vanquished Creatures
  A dart slug (D:1)
  A leopard gecko (D:1)
  4 bats (D:1)
  3 giant cockroaches (D:1)
  3 goblins (D:1)
  6 hobgoblins (D:1)
  3 jackals (D:1)
  2 kobolds (D:1)
  2 frilled lizards (D:1)
  4 rats (D:1)
29 creatures vanquished.

Notes
Turn   | Place    | Note
-------+----------+-------------------------------------------
     0 | D:1      | voltaire321 the Halfling Hunter began the quest for the
                  | Orb.
     0 | D:1      | Reached XP level 1. HP: 14/14 MP: 1/1
    65 | D:1      | Reached skill level 6 in Slings
    91 | D:1      | Reached XP level 2. HP: 19/19 MP: 2/2
   502 | D:1      | Reached XP level 3. HP: 24/24 MP: 3/3
   971 | D:2      | HP: 1/25 [adder (5)]
   973 | D:2      | Succumbed to an adder's poison

Illustrated notes

Levels and vault maps discovered:
D:1:      wander_arrival_lonely_grave, layout_basic
D:2:      layout_basic

Skill      XL: |  1  2  3 |
---------------+----------+-----
Slings         | 6 |  6.4
Fighting       | 2 |  2.3
Dodging        | 3 |  3.0
Stealth        | |  1.1

Action                   || total
-------------------------++-------
 Fire: Hunting sling     ||    74
Armor: Leather armour    ||    10
Dodge: Dodged            ||    43

Table legend: (Time is in decaauts)
 A = Elapsed time spent in this place.
 B = Non-inter-level travel time spent in this place.
 C = Inter-level travel time spent in this place.
 D = Time resting spent in this place.
 E = Time spent auto-exploring this place.
 F = Levels seen in this place.
 G = Mean time per level.
                   A        B        C        D        E       F      G
               +--------+--------+--------+--------+--------+-----+--------+
         Total |    964 |    894 |     70 |      0 |    518 |   2 |  482.0 |
       Dungeon |    964 |    894 |     70 |      0 |    518 |   2 |  482.0 |
               +--------+--------+--------+--------+--------+-----+--------+

Top non-repeatable levels by time:
     D:1: 908 daAuts
     D:2: 56 daAuts
